 Dungeon Crawl Stone Soup version 0.32-a0-172-gc5dd13f2a7 (webtiles) character file.

Game seed: 12317318119281456460

95452 Pooter the Severer (level 15, 0/208 HPs)
             Began as a Minotaur Berserker on Feb 11, 2024.
             Was an Elder of Trog.
             Killed from afar by a rakshasa (illusionary) (23 damage)
             ... with a lance of force
             ... on level 15 of the Dungeon on Feb 12, 2024.
             The game lasted 02:19:09 (33052 turns).

Pooter the Severer (Minotaur Berserker)            Turns: 33052, Time: 02:19:09

Health: 0/208      AC: 31    Str: 33    XL:     15   Next: 66%
Magic:  0/14       EV:  9    Int:  6    God:    Trog [****..]
Gold:   1659       SH:  0    Dex: 10    Spells: 14/14 levels left

rFire   + . .        a - +2 executioner's axe (heavy)
rCold   . . .        (shield currently unavailable)
rNeg    . . .        z - +8 plate armour {rF+}
rPois   .            Z - +0 hat
rElec   .            r - +2 cloak
rCorr   .            R - +1 pair of gloves
SInv    .            J - +2 pair of boots
Will    +....        G - amulet of guardian spirit Stlth
                     W - ring of Nihilism {Str+6 Stlth+}
HPRegen 0.54/turn    H - +4 ring of slaying
MPRegen 0.14/turn

%: guardian spirit
@: berserking, about to teleport, very quick
A: horns 2, retaliatory headbutt
a: Renounce Religion, Berserk, Trog's Hand, Brothers in Arms


You were on level 15 of the Dungeon.
You worshipped Trog.
Trog was greatly pleased with you.
You visited 3 branches of the dungeon, and saw 22 of its levels.
You also visited: Ossuary.

You collected 3367 gold pieces.
You spent 1708 gold pieces at shops.

Inventory:

Hand Weapons
 a - a +2 heavy executioner's axe (weapon)
   (Trog gifted it to you on level 13 of the Dungeon)
 b - a +4 arbalest of flaming
   (You took it off a kobold blastminer on level 2 of the Orcish Mines)
 m - a +0 broad axe of freezing
   (You took it off an orc warrior on level 2 of the Orcish Mines)
 I - a +3 war axe of draining
   (You found it on level 4 of the Dungeon)
 K - a +1 dire flail of holy wrath
   (You took it off an orc warrior on level 10 of the Dungeon)
 V - a +3 battleaxe
   (You took it off a tengu warrior on level 14 of the Dungeon)
Missiles
 c - 40 poisoned darts
 p - 29 boomerangs (quivered)
 q - 3 silver javelins
 O - 5 javelins
 P - 2 curare-tipped darts
Armour
 r - a +2 cloak (worn)
   (You found it on level 5 of the Lair of Beasts)
 z - a +8 plate armour of fire resistance (worn)
   (You bought it in a shop on level 5 of the Dungeon)
 F - the +1 ring mail of Anoomeno {Fly Int+3}
   (You found it on level 4 of the Dungeon)

   Int+3:     It affects your intelligence (+3).
   Fly:       It grants you flight.
 J - a +2 pair of boots (worn)
   (You bought it in a shop on level 2 of the Orcish Mines)
 R - a +1 pair of gloves (worn)
   (You bought it in a shop on level 2 of the Orcish Mines)
 Z - a +0 hat (worn)
   (You found it on level 4 of the Lair of Beasts)
Jewellery
 o - a ring of ice
   (You found it on level 1 of the Dungeon)
 x - a ring of willpower
   (You found it on level 4 of the Dungeon)
 y - a ring of flight
   (You found it on level 1 of the Lair of Beasts)
 C - a +6 ring of dexterity
   (You found it on level 9 of the Dungeon)
 G - an amulet of guardian spirit (around neck)
   (You took it off Erica on level 1 of the Orcish Mines)
 H - a +4 ring of slaying (right hand)
   (You found it on level 4 of the Dungeon)
 T - an amulet of reflection
   (You found it on level 15 of the Dungeon)
 W - the ring of Nihilism (left hand) {Str+6 Stlth+}
   (You acquired it on level 9 of the Dungeon)

   [ring of strength]

   Str+6:     It affects your strength (+6).
   Stlth+:    It makes you more stealthy.
Wands
 d - a wand of iceblast (6)
   (You found it on level 10 of the Dungeon)
 f - a wand of flame (13)
   (You found it on level 10 of the Dungeon)
 s - a wand of polymorph (14)
   (You found it on level 2 of the Dungeon)
 u - a wand of paralysis (19)
   (You found it on level 5 of the Dungeon)
 X - a wand of mindburst (8)
   (You found it on level 1 of the Lair of Beasts)
Scrolls
 e - 4 scrolls of revelation
 i - 12 scrolls of identify {@r1}
 j - 5 scrolls of fear
 l - 2 scrolls of poison {!r}
 n - 3 scrolls of noise {!r}
 t - 8 scrolls of teleportation {@r4}
 v - 3 scrolls of blinking
 B - a scroll of fog
 M - a scroll of immolation {!r}
 S - 2 scrolls of silence
Potions
 g - a potion of might
 h - 4 potions of mutation {!q}
 k - 6 potions of haste {@q3}
 w - 3 potions of attraction {!q}
 A - 2 potions of curing {@q1}
 D - 7 potions of lignification {!q}
 E - 3 potions of enlightenment
 L - a potion of invisibility
 N - 2 potions of cancellation
 U - 6 potions of heal wounds {@q2}
 Y - 2 potions of resistance
Miscellaneous
 Q - a lightning rod (4/4) {!a}
   (You found it on level 5 of the Lair of Beasts)


   Skills:
 + Level 14.7 Fighting
 * Level 17.8(18.1) Axes
 - Level 5.0(12.6) Maces & Flails
 + Level 17.1 Ranged Weapons
 - Level 6.1 Throwing
 - Level 9.6 Armour
 - Level 2.1 Dodging
 - Level 1.2 Stealth
 - Level 9.0 Evocations


You had 14 spell levels left.
You didn't know any spells.
Your spell library was empty.

Dungeon Overview and Level Annotations

Branches:
Dungeon (15/15) Zot: 25868  Temple (0/1) D:4            Lair (5/5) D:10 Zot: 19086
 Shoals (0/4) Lair:2       Spider (0/4) Lair:2        Slime (0/5) Lair:5
    Orc (2/2) D:11 Zot: 8634     Elf (0/3) Orc:2        Vaults (0/5) D:14
 Depths (0/4) D:15        Ossuary (visited)

Altars:
Ashenzari
Cheibriados
Dithmenos
Gozag
Kikubaaqudgha
Nemelex Xobeh
Qazlal
Vehumet
Jiyva

Shops:
D:4 :   D:5 [   Orc:2 ?:?[

Annotations:
D:12 3 runed translucent doors, Hyahelamn's ghost, journeyman VSBr


Innate Abilities, Weirdness & Mutations

You have a pair of horns on your head.
You reflexively headbutt those who attack you in melee.


Message History

You closely miss the shock serpent. You slice the rakshasa!!
The shock serpent barely misses you. You furiously retaliate!
You headbutt the shock serpent.
The rakshasa weaves an illusion.
The shock serpent shimmers and seems to become two!
The rakshasa weaves an illusion.
The shock serpent shimmers and seems to become two!
You miss the rakshasa. You headbutt the rakshasa! You hit the shock serpent.
You miss the shock serpent.
The injured rakshasa weaves a defensive illusion!
The shock serpent bites you. The shock serpent shocks you!
The shock serpent bites you. The shock serpent shocks you!
The shock serpent shoots out a bolt of lightning at you!
The bolt of electricity hits you!
* * * LOW MAGIC WARNING * * *
* * * LOW HITPOINT WARNING * * *
The shock serpent bites you but does no damage.
The shock serpent bites you.
* * * LOW HITPOINT WARNING * * *
The shock serpent shocks you!
* * * LOW MAGIC WARNING * * *
* * * LOW HITPOINT WARNING * * *
The rakshasa barely misses you.
The rakshasa hits you but does no damage.
The shock serpent completely misses you.
You furiously retaliate!
You headbutt the shock serpent!!
The shock serpent's electric aura discharges, shocking you!
* * * LOW HITPOINT WARNING * * *
The shock serpent bites you but does no damage.
As you read the scroll of teleportation {@r4}, it crumbles to dust.
You feel strangely unstable.
The shock serpent changes into a salamander!
The rakshasa blinks!
The rakshasa barely misses you.
The rakshasa hits you from afar with a +0 trident.
* * * LOW HITPOINT WARNING * * *
The shock serpent shoots out a bolt of lightning at you!
The bolt of electricity hits you!
* * * LOW MAGIC WARNING * * *
* * * LOW HITPOINT WARNING * * *
The bolt of electricity hits you!!
* * * LOW MAGIC WARNING * * *
* * * LOW HITPOINT WARNING * * *
A red film seems to cover your vision as you go berserk!
You feel yourself moving faster!
You feel mighty!
The shock serpent changes into a swamp worm!
The shock serpent bites you but does no damage.
The rakshasa gestures at you. The lance of force hits you!!
* * * LOW MAGIC WARNING * * *
You die...

.#.#.......#...# #.#
.#.#.......########.#
.#.#................#
.#........#########.#
.######...# ## ######
..........###.# #..#.##
######....##...##....)#
#....##..RN#.##.##
#.#.##>..R§@.##..#
#.#.###..RS###...#
#.#.# #..w# #..###
#.#.# ##.# ##.## #.#.#
## ##...## #.#.#
#..:..# #.# #.....# #.#
##)).## #.###### ##†##


You could see 3 rakshasas, a salamander shaped shifter (summoned), a shock
serpent shaped shifter and a swamp worm shaped shifter (summoned).

Vanquished Creatures
  Kirke (D:14)
  The ghost of Sarer the Severer, a journeyman MiBe of Trog (D:14)
  An orc warlord (D:11)
  The ghost of sasquatch the Severer, a journeyman FoFi of Qazlal (Lair:5)
  Nessos (D:14)
  A fire dragon (D:10)
  2 rakshasas (D:15)
  2 hydras
  2 catoblepae
  2 ogre magi (D:14)
  Erolcha (D:11)
  Erica (Orc:1)
  4 boulder beetles
  8 two-headed ogres
  4 centaur warriors
  A death yak (D:9)
  3 tengu warriors
  An orc high priest (Orc:2)
  Sonja (Lair:5)
  A deep elf knight (D:14)
  3 skeletal warriors (D:14)
  A glowing orange brain (D:15)
  4 orc knights
  2 deep elf pyromancers
  An orc sorcerer (Orc:1)
  2 deep elf zephyrmancers (D:14)
  2 manticores
  A wolf spider (D:15)
  12 ugly things
  4 cyclopes
  6 kobold blastminers
  3 meliai (D:11)
  4 black mambas
  7 elephants
  A torpor snail (Lair:4)
  3 gargoyles
  An unseen horror (D:10)
  14 cane toads
  A tengu conjurer (D:15)
  9 komodo dragons
  2 ice devils (Orc:1)
  2 kobold demonologists
  3 rime drakes
  3 merfolk (Lair:2)
  10 trolls
  A troll (shapeshifter) (D:12)
  6 polar bears
  7 hornets
  11 blink frogs
  Grinder (D:4)
  A centaur simulacrum (D:15)
  4 jumping spiders (Lair:2)
  19 dream sheep
  14 slime creatures
  A vampire (D:12)
  3 culicivoras (Lair:2)
  13 spriggans (Lair:5)
  4 wyverns
  21 yaks
  4 wraiths
  A hog (shapeshifter) (D:13)
  8 basilisks
  3 wargs
  A steam dragon (D:9)
  A redback (Lair:2)
  7 vampire mosquitoes
  2 acid dragons
  Duvessa (D:4)
  12 water moccasins
  48 orc warriors
  5 black bears
  A sky beast (D:4)
  4 ice beasts
  2 laughing skulls (D:14)
  11 ogres
  34 wolves
  5 boggarts (Lair:5)
  22 centaurs
  5 kobold brigands
  13 bullfrogs
  2 scorpions
  13 wights
  Dowan (D:4)
  8 killer bees
  2 electric eels
  4 howler monkeys
  3 hounds
  5 jellies
  2 bombardier beetles
  24 orc priests
  3 gnoll boudas
  17 orc wizards
  Natasha (D:3)
  3 iguanas
  13 hell rats
  9 mummies
  6 gnolls
  11 adders
  A shadow imp (D:6)
  A white imp (D:4)
  6 ufetubi
  A dart slug (D:2)
  69 orcs
  8 endoplasms
  3 giant cockroaches
  3 gnoll zombies (Ossuary)
  4 hobgoblins
  6 kobolds
  2 quokkas
  2 ball pythons (D:2)
  4 bats
  2 frilled lizards (D:3)
  7 goblins
  A goblin zombie (D:4)
  3 hobgoblin zombies (Ossuary)
  3 kobold zombies
  7 rats
696 creatures vanquished.

Vanquished Creatures (others)
  5 humans (D:14)
  A centaur (Orc:2)
  An electric eel (D:14)
7 creatures vanquished.

Grand Total: 703 creatures vanquished

Notes
Turn   | Place    | Note
-------+----------+-------------------------------------------
     0 | D:1      | Pooter the Minotaur Berserker began the quest for the Orb.
     0 | D:1      | Reached XP level 1. HP: 19/19 MP: 0/0
   573 | D:1      | Reached XP level 2. HP: 27/27 MP: 1/1
   995 | D:2      | Reached skill level 1 in Stealth
  1102 | D:2      | Reached XP level 3. HP: 33/33 MP: 2/2
  1606 | D:2      | Reached skill level 1 in Maces & Flails
  1606 | D:2      | Reached skill level 1 in Ranged Weapons
  1830 | D:3      | Reached XP level 4. HP: 26/40 MP: 3/3
  1935 | D:3      | Reached ** piety under Trog
  2319 | D:3      | Noticed Natasha
  2327 | D:3      | Killed Natasha
  2506 | D:4      | Found a sand-covered staircase.
  2511 | D:4      | Reached skill level 5 in Axes
  2550 | Ossuary  | Entered an ossuary
  2563 | Ossuary  | Reached XP level 5. HP: 46/46 MP: 4/4
  2580 | Ossuary  | HP: 2/70 [mummy (9)]
  3288 | D:4      | Reached XP level 6. HP: 53/53 MP: 5/5
  3341 | D:4      | Noticed Grinder
  3345 | D:4      | Killed Grinder
  3432 | D:4      | Identified the +1 ring mail of Anoomeno {Fly Int+3}
  3489 | D:4      | Reached XP level 7. HP: 60/60 MP: 6/6
  3528 | D:4      | Found a staircase to the Ecumenical Temple.
  3617 | D:4      | Reached skill level 5 in Fighting
  3670 | D:4      | Found a stormy altar of Qazlal.
  3787 | D:4      | Found Deones's Book Boutique.
  4189 | D:4      | Reached skill level 5 in Ranged Weapons
  4382 | D:4      | Noticed Duvessa
  4382 | D:4      | Noticed Dowan
  4389 | D:4      | Killed Duvessa
  4390 | D:4      | Reached XP level 8. HP: 60/70 MP: 7/7
  4391 | D:4      | Killed Dowan
  4594 | D:5      | Entered Level 5 of the Dungeon
  5359 | D:5      | Found Kuomer's Antique Armour Shop.
  5368 | D:5      | Bought a runed scarf for 160 gold pieces
  5382 | D:5      | Reached *** piety under Trog
  5920 | D:6      | Reached skill level 5 in Maces & Flails
  6207 | D:5      | Reached XP level 9. HP: 64/78 MP: 8/8
  6256 | D:6      | Reached skill level 1 in Throwing
  6387 | D:6      | Reached skill level 1 in Evocations
  6847 | D:6      | Found a shadowy altar of Dithmenos.
  6889 | D:7      | Found an ancient bone altar of Kikubaaqudgha.
  7295 | D:7      | Found a sparkling altar of Nemelex Xobeh.
  7415 | D:7      | Found a broken altar of Ashenzari.
  7584 | D:7      | Noticed a white ugly thing
  7591 | D:7      | Killed a white ugly thing
  7592 | D:7      | Reached skill level 10 in Axes
  7619 | D:7      | Noticed a kobold demonologist
  7623 | D:7      | Noticed a sun demon
  7625 | D:7      | Killed a kobold demonologist
  7896 | D:7      | Reached XP level 10. HP: 88/88 MP: 9/9
  8150 | D:8      | Found a snail-covered altar of Cheibriados.
  8234 | D:8      | Found a radiant altar of Vehumet.
  8965 | D:9      | Identified a scroll of acquirement
  8965 | D:9      | Acquired the ring of Nihilism {Str+6 Stlth+}
  8993 | D:9      | Noticed a two-headed ogre
  9001 | D:9      | Killed a two-headed ogre
  9098 | D:9      | Noticed a two-headed ogre
  9108 | D:9      | Killed a two-headed ogre
  9299 | D:9      | Reached skill level 10 in Ranged Weapons
  9849 | D:10     | Entered Level 10 of the Dungeon
  9849 | D:10     | Noticed a death yak
  9849 | D:10     | Noticed a cane toad
  9898 | D:10     | Reached **** piety under Trog
  9899 | D:10     | Reached XP level 11. HP: 95/95 MP: 10/10
 10164 | D:9      | Killed a death yak
 10222 | D:9      | Reached skill level 5 in Throwing
 10257 | D:10     | Found a staircase to the Lair.
 11292 | D:10     | Noticed a fire dragon
 11301 | D:10     | Killed a fire dragon
 11831 | Lair:1   | Entered Level 1 of the Lair of Beasts
 11953 | Lair:1   | Reached skill level 5 in Evocations
 12721 | D:5      | Bought a glowing plate armour for 520 gold pieces
 13443 | Lair:2   | Identified the orb of Negation {*channel, rElec Int+2}
 13604 | Lair:2   | Reached XP level 12. HP: 104/106 MP: 11/11
 13608 | Lair:2   | Reached skill level 10 in Fighting
 13988 | Lair:2   | Found a hole to the Spider Nest.
 14559 | Lair:2   | Noticed an eight-headed hydra
 14574 | Lair:2   | Killed an eight-headed hydra
 15694 | Lair:2   | Found a staircase to the Shoals.
 15986 | Lair:3   | Noticed a catoblepas
 16002 | Lair:3   | Killed a catoblepas
 16323 | Lair:3   | Reached skill level 5 in Armour
 16351 | Lair:3   | Noticed a boulder beetle
 16368 | Lair:3   | Killed a boulder beetle
 17433 | Lair:4   | Reached XP level 13. HP: 116/116 MP: 12/12
 17797 | Lair:4   | Reached skill level 15 in Axes
 18178 | Lair:5   | Entered Level 5 of the Lair of Beasts
 20001 | Lair:5   | Found a runed translucent door.
 20001 | Lair:5   | Noticed sasquatch's ghost (journeyman FoFi)
 20007 | Lair:5   | Noticed Sonja
 20017 | Lair:5   | Killed Sonja
 20062 | Lair:5   | Killed sasquatch's ghost
 21659 | Lair:5   | Found a viscous altar of Jiyva.
 21942 | Lair:5   | Found a staircase to the Slime Pits.
 22387 | Lair:5   | Reached ***** piety under Trog
 22544 | Lair:5   | Reached XP level 14. HP: 126/126 MP: 13/13
 23173 | D:11     | Noticed Erolcha
 23181 | D:11     | Killed Erolcha
 23376 | D:11     | Reached skill level 15 in Ranged Weapons
 23744 | D:11     | Found a staircase to the Orcish Mines.
 24588 | Orc:1    | Entered Level 1 of the Orcish Mines
 24604 | Orc:1    | Noticed an orc warlord
 24668 | D:11     | Killed an orc warlord
 24781 | Orc:1    | Noticed Erica
 24811 | Orc:1    | Killed Erica
 25290 | Orc:2    | Entered Level 2 of the Orcish Mines
 25351 | Orc:2    | Found a staircase to the Elven Halls.
 27830 | Orc:2    | Found Zeqummuz's Magic Scroll Boutique.
 27830 | Orc:2    | Found Pil Pigg's Book Shoppe.
 27832 | Orc:2    | Found Ipnosil's Magic Scroll Emporium.
 27834 | Orc:2    | Found Bueren's Antique Armour Shop.
 27838 | Orc:2    | Bought a scroll of revelation for 120 gold pieces
 27838 | Orc:2    | Bought a scroll of identify for 32 gold pieces
 27838 | Orc:2    | Bought a scroll of identify for 32 gold pieces
 27838 | Orc:2    | Bought a scroll of identify for 32 gold pieces
 27843 | Orc:2    | Bought a scroll of revelation for 97 gold pieces
 27843 | Orc:2    | Bought a scroll of identify for 26 gold pieces
 27843 | Orc:2    | Bought a scroll of identify for 26 gold pieces
 27843 | Orc:2    | Bought a scroll of enchant weapon for 97 gold pieces
 27843 | Orc:2    | Bought a scroll of identify for 26 gold pieces
 27849 | Orc:2    | Bought a pair of runed boots for 180 gold pieces
 27849 | Orc:2    | Bought a pair of glowing gloves for 180 gold pieces
 27849 | Orc:2    | Bought an embroidered cloak for 180 gold pieces
 28053 | D:12     | Found an opulent altar of Gozag.
 28252 | D:12     | Noticed Hyahelamn's ghost (journeyman VSBr)
 28276 | D:12     | Found a runed translucent gate.
 28276 | D:12     | Found a runed translucent gate.
 28276 | D:12     | Found a runed translucent gate.
 29158 | D:13     | Received a gift from Trog
 30357 | D:14     | Reached XP level 15. HP: 112/136 MP: 12/14
 30358 | D:14     | Found a gate to the Vaults.
 30493 | D:14     | Noticed Nessos
 30506 | D:14     | Killed Nessos
 31122 | D:14     | Noticed Kirke
 31133 | D:14     | Killed Kirke
 31452 | D:14     | Found a runed translucent door.
 31452 | D:14     | Noticed Sarer's ghost (journeyman MiBe)
 31461 | D:14     | Paralysed by a hornet for 3 turns
 31470 | D:14     | Killed Sarer's ghost
 31938 | D:14     | Upgraded the game from 0.32-a0-163-g159c032296 to
                  | 0.32-a0-172-gc5dd13f2a7
 31962 | D:15     | Entered Level 15 of the Dungeon
 33038 | D:15     | Found a staircase to the Depths.
 33052 | D:15     | Killed from afar by a rakshasa (illusionary)

Illustrated notes

Levels and vault maps discovered:
D:1:      doesnt_arrival_eight_statues, layout_basic, serial_bayou_lagoon_a
D:2:      layout_basic
D:3:      layout_basic, minmay_pentomino_pile, uniq_natasha
D:4:      minmay_razor_zed, layout_basic, mainiacjoe_overflow_tiny_flanked,
          minmay_temple_entry_antechambers, serial_shops, shop,
          nicolae_ossuary_entry_giza, grunt_ministairs_11, uniq_grinder,
          uniq_duvessa
D:5:      layout_basic, serial_shops, shop
D:6:      wander_river, layout_rooms, nicolae_dithmenos_through_a_glass_darkly
D:7:      layout_gridville, mainiacjoe_overflow_paths,
          kiku_gazebo_garden_becter, ashenzari_altar_1, kb_rosetta
D:8:      layout_basic, mainiacjoe_overflow_concentric_impassable,
          nicolae_overflow_hidden_temple, nrook_campfire, dk_noncrumbling_3,
          dreamdust_gnoll_shepherd
D:9:      layout_irregular_city
D:10:     layout_stronghold, dpeg_lair_monsters, evilmike_minifort
D:11:     layout_layer_cave, david_orc_1_choice, corexii_leaking_fountain,
          uniq_erolcha
D:12:     layout_roguey, maelrawn_ghost_gauntlet_escape, nrook_mini_backslash,
          nicolae_gozag_cash_rules_everything_around_me
D:13:     layout_stronghold
D:14:     layout_basic, hangedman_vaults_entry_quadrant_bands,
          ebering_ghost_inner_flame, lemuel_freeze_loot_1, uniq_nessos,
          uniq_kirke
D:15:     gammafunk_enter_depths_forms, layout_basic
Lair:1:   layout_hall_layers
Lair:2:   layout_regular_city, mainiacjoe_shoals_entry_four_pools,
          nicolae_spider_entry_tight_spaces
Lair:3:   layout_gridlike
Lair:4:   layout_roguey, minmay_shattered_shrine, lemuel_fruit_fields,
          infiniplex_staircase_pool
Lair:5:   minmay_lair_end_enchanted_forest, layout_regular_city, slime_entry_2,
          hellmonk_ghost_happy_afterlife, serial_bayou_pond_b, uniq_sonja
Orc:1:    minmay_goldmine, layout_diamond_mine, portal_ice_cave_demonic_guard,
          uniq_erica
Orc:2:    st_orc_rangers, layout_diamond_mine, kennysheep_orc_chapel

Skill      XL: |  1  2  3  4  5  6  7  8  9 10 11 12 13 14 15 |
---------------+----------------------------------------------+-----
Axes           | 4 5 6 7 9 10 11 13 14 15 16 17 | 17.8
Stealth        | 1 |  1.2
Maces & Flails | 1 2 3 4 5 |  5.0
Ranged Weapons | 1 2 3 4 5 7 8 10 11 13 14 16 17 | 17.1
Fighting       | 4 5 6 7 8 9 11 12 13 14 | 14.7
Throwing       | 3 4 6 |  6.1
Evocations     | 2 4 5 6 7 9 |  9.0
Armour         | 5 7 9 |  9.6
Dodging        | |  2.1

Action                     |  1- 3 |  4- 6 |  7- 9 | 10-12 | 13-15 || total
---------------------------+-------+-------+-------+-------+-------++-------
  Melee: Hand axe          |     2 |       |       |       |       ||     2
         Dire flail        |    19 |    94 |    32 |    10 |     5 ||   160
         Headbutt          |     7 |    10 |    32 |    61 |   124 ||   234
         War axe           |       |       |   135 |   302 |   442 ||   879
         Punch             |       |       |     2 |     3 |     4 ||     9
         Executioner's axe |       |       |       |       |   153 ||   153
   Fire: Sling             |    71 |    41 |    23 |       |       ||   135
         Orcbow            |       |       |     6 |    66 |       ||    72
         Arbalest          |       |       |       |    63 |   384 ||   447
  Throw: Boomerang         |       |     2 |    18 |     9 |     1 ||    30
         Dart              |       |       |       |       |     2 ||     2
 Invoke: Trog's Hand       |       |     4 |     6 |    11 |    36 ||    57
         Berserk           |       |     3 |     6 |    11 |    11 ||    31
  Evoke: Wand              |       |       |     1 |    18 |    35 ||    54
         Lightning rod     |       |       |       |       |     4 ||     4
    Use: Scroll            |     4 |     3 |     8 |    22 |    16 ||    53
         Potion            |       |       |     5 |     1 |     7 ||    13
   Stab: Paralysed         |       |       |       |       |    21 ||    21
         Invisible         |       |       |       |       |     4 ||     4
 Armour: Animal skin       |     3 |       |       |       |       ||     3
         Scale mail        |    10 |       |       |       |       ||    10
         Chain mail        |    11 |    82 |   140 |   170 |       ||   403
         Plate armour      |       |       |       |   213 |   805 ||  1018
         Ring mail         |       |       |       |       |    31 ||    31
  Dodge: Dodged            |    17 |    49 |    80 |   154 |   315 ||   615

Table legend: (Time is in decaauts)
 A = Elapsed time spent in this place.
 B = Non-inter-level travel time spent in this place.
 C = Inter-level travel time spent in this place.
 D = Time resting spent in this place.
 E = Time spent auto-exploring this place.
 F = Levels seen in this place.
 G = Mean time per level.
                   A        B        C        D        E       F      G
               +--------+--------+--------+--------+--------+-----+--------+
         Total |  33489 |  32372 |   1117 |  12524 |  14678 |  23 | 1456.0 |
       Dungeon |  18523 |  17783 |    740 |   4967 |   9950 |  15 | 1234.9 |
          Lair |  10913 |  10648 |    265 |   5833 |   3401 |   5 | 2182.6 |
  Orcish Mines |   3365 |   3254 |    111 |   1322 |   1195 |   2 | 1682.5 |
       Ossuary |    687 |    687 |      0 |    401 |    132 |   1 |  687.0 |
               +--------+--------+--------+--------+--------+-----+--------+

Top non-repeatable levels by time:
  Lair:5: 4661 daAuts
   Orc:2: 2476 daAuts
  Lair:2: 2411 daAuts
    D:14: 1987 daAuts
    D:10: 1790 daAuts
    D:11: 1743 daAuts
     D:4: 1484 daAuts
    D:13: 1421 daAuts
  Lair:1: 1396 daAuts
     D:5: 1390 daAuts
     D:9: 1312 daAuts
     D:7: 1305 daAuts
  Lair:3: 1292 daAuts
  Lair:4: 1151 daAuts
     D:2: 1040 daAuts
